 Dungeon Crawl Stone Soup version 0.26.1-11-gd32895ea62 (webtiles) character file.

Game seed: 14700901541096665934

1160 Almogavar the Slasher (level 8, -3/62 HPs)
             Began as a Human Fighter on Apr 23, 2021.
             Was a Follower of the Shining One.
             Slain by an ogre
             ... wielding a +0 giant club
              (16 damage)
             ... on level 5 of the Dungeon.
             The game lasted 00:15:01 (7387 turns).

Almogavar the Slasher (Human Fighter)               Turns: 7387, Time: 00:15:01

Health: -3/62      AC: 13    Str: 19    XL:     8   Next: 66%
Magic:  8/8        EV: 10    Int:  9    God:    the Shining One [*.....]
Gold:   254        SH: 10    Dex: 18    Spells: 7/7 levels left

rFire    . . .     SeeInvis .   a - +0 long sword
rCold    . . .     Faith    .   c - +0 kite shield
rNeg     . . .     Spirit   .   r - +0 chain mail
rPois    .         Reflect  .   (no helmet)
rElec    .         Harm     +   p - scarf {harm}
rCorr    .         Rampage  .   z - +2 pair of gloves
Will     .....                  (no boots)
Stlth    ..........             (no amulet)
HPRegen  0.20/turn              A - +6 ring of dexterity
MPRegen  0.11/turn              w - +4 ring of evasion

@: glowing
A: no striking features
a: Renounce Religion


You were on level 5 of the Dungeon.
You worshipped the Shining One.
The Shining One was aware of your devotion.
You visited 1 branch of the dungeon, and saw 5 of its levels.

You collected 254 gold pieces.

Inventory:

Hand Weapons
 a - a +0 long sword (weapon)
 m - a +3 mace of protection
Missiles
 h - 29 bolts
 i - 33 sling bullets
 l - 120 stones (quivered)
Armour
 c - a +0 kite shield (worn)
 p - a scarf of harm (worn)
 r - a +0 chain mail (worn)
 z - a +2 pair of gloves (worn)
Jewellery
 e - an uncursed ring of magical power
 o - an uncursed ring of fire
 w - a +4 ring of evasion (right hand)
 x - an uncursed ring of flight
 y - an uncursed ring of resist corrosion
 A - a +6 ring of dexterity (left hand)
Scrolls
 g - 4 scrolls of remove curse
 j - 4 scrolls of teleportation
 q - a scroll of enchant weapon {unknown}
 t - a scroll of enchant armour {unknown}
 v - 3 scrolls of fear {unknown}
Potions
 b - 3 potions of haste
 d - a potion of might
 f - a potion of invisibility
 k - 2 potions of ambrosia
 n - 4 potions of degeneration {unknown}
 s - a potion of resistance {unknown}
 u - a potion of lignification {unknown}
 B - a potion of curing {unknown}


   Skills:
 + Level 5.0 Fighting
 + Level 6.7 Long Blades
 + Level 4.9 Armour
 + Level 0.8 Dodging
 + Level 5.2 Shields


You had 7 spell levels left.
You didn't know any spells.
Your spell library contained the following spells:

 Spells                   Type           Power        Failure   Level
 Magic Dart               Conj           0%           100%        1
 Searing Ray              Conj           0%           100%        2
 Dazzling Flash           Conj/Hex       0%           100%        3
 Fulminant Prism          Conj/Hex       0%           100%        4
 Iskenderun's Mystic Bla  Conj/Tloc      0%           100%        4


Dungeon Overview and Level Annotations

Branches:
Dungeon (5/15)             Temple (0/1) D:5

Altars:
Ashenzari
Cheibriados
Elyvilon
Makhleb
Nemelex Xobeh
Qazlal
Xom
Yredelemnul
Zin
The Shining One

Annotations:
D:1 Sigmund


Message History

You see here a giant cockroach corpse.
k - 2 potions of ambrosia (gained 1)
Found a staircase to the Ecumenical Temple.
Found a ring mail.
You now have 254 gold pieces (gained 13).
An ogre comes into view. It is wielding a +0 giant club.
The ogre shouts!
You hit the ogre.
The ogre is lightly wounded.
The ogre hits you with a +0 giant club!!
You slash the ogre!
The ogre is heavily wounded.
You hit the ogre.
The ogre is severely wounded.
The ogre hits you with a +0 giant club!!
* * * LOW HITPOINT WARNING * * *
You hit the ogre.
The ogre is severely wounded.
The ogre hits you with a +0 giant club!
You die...

#.....## #..
#......## #..
#.......#
##..
#........##
#...
#.........##
#...
#..........#
#...
#..........#
#...
#..........##
#...
#.........@[#
#...
##........O.#
## ##...
#..........#
....#....
##..........
#....))
###........#
#####..
##........
### #
###......# #
#######
###....# #
.......


You could see an ogre.

Vanquished Creatures
  3 phantoms
  2 big kobolds (D:4)
  A scorpion (D:4)
  A bullfrog zombie (D:5)
  A hound (D:4)
  A centaur skeleton (D:4)
  2 orc priests
  A bullfrog skeleton (D:4)
  Terence (D:3)
  2 orc wizards (D:4)
  4 worker ants
  3 iguanas (D:4)
  6 gnolls
  6 adders
  2 ufetubi
  2 oozes
  2 adder zombies (D:2)
  An adder skeleton (D:4)
  4 worms
  3 dart slugs
  3 leopard geckos
  13 orcs
  2 ball pythons (D:3)
  2 bat skeletons (D:2)
  7 giant cockroaches
  8 goblins
  8 hobgoblins
  4 jackals (D:2)
  4 quokkas
  9 bats
  3 frilled lizards
  18 kobolds
  A leopard gecko skeleton (D:4)
  A leopard gecko zombie (D:2)
  A quokka zombie (D:2)
  7 rats
139 creatures vanquished.

Vanquished Creatures (others)
  3 withered plants (D:2)
3 creatures vanquished.

Grand Total: 142 creatures vanquished

Notes
Turn   | Place    | Note
-------+----------+-------------------------------------------
     0 | D:1      | Almogavar the Human Fighter began the quest for the Orb.
     0 | D:1      | Reached XP level 1. HP: 18/18 MP: 1/1
   280 | D:1      | Reached XP level 2. HP: 22/24 MP: 2/2
   438 | D:1      | Found a sparkling altar of Nemelex Xobeh.
   905 | D:2      | Noticed Sigmund
   952 | D:2      | Reached XP level 3. HP: 19/29 MP: 3/3
  1109 | D:2      | Found a glowing silver altar of Zin.
  1711 | D:2      | Reached XP level 4. HP: 35/35 MP: 4/4
  1748 | D:2      | Found a shimmering altar of Xom.
  2443 | D:2      | Reached skill level 3 in Long Blades
  2519 | D:2      | Reached XP level 5. HP: 4/41 MP: 5/5
  3202 | D:2      | Found a white marble altar of Elyvilon.
  3202 | D:2      | Found a broken altar of Ashenzari.
  3202 | D:2      | Found a burning altar of Makhleb.
  3202 | D:2      | Found a stormy altar of Qazlal.
  3213 | D:2      | Found a glowing golden altar of the Shining One.
  3218 | D:2      | Found a sparkling altar of Nemelex Xobeh.
  3224 | D:2      | Became a worshipper of the Shining One
  3769 | D:3      | Noticed Terence
  3783 | D:3      | Killed Terence
  3815 | D:3      | Reached XP level 6. HP: 21/48 MP: 6/6
  4356 | D:3      | Found a snail-covered altar of Cheibriados.
  4501 | D:4      | Reached skill level 4 in Long Blades
  4857 | D:4      | Noticed a phantom
  4902 | D:4      | Killed a phantom
  4903 | D:4      | Reached XP level 7. HP: 26/54 MP: 7/7
  5206 | D:4      | Reached * piety under the Shining One
  5297 | D:4      | Reached skill level 5 in Long Blades
  5387 | D:4      | Found a basalt altar of Yredelemnul.
  5447 | D:4      | Reached XP level 8. HP: 24/61 MP: 8/8
  5739 | D:4      | Reached skill level 6 in Long Blades
  6510 | D:5      | Entered Level 5 of the Dungeon
  6943 | D:5      | Reached skill level 5 in Shields
  7113 | D:5      | Reached skill level 5 in Fighting
  7359 | D:5      | Found a staircase to the Ecumenical Temple.
  7387 | D:5      | Slain by an ogre

Illustrated notes

Levels and vault maps discovered:
D:1:      lightli_arrival_maybe_door_vault, layout_loops_ring,
          nemelex_xobeh_ov_fountains_minmay
D:2:      layout_loops_ring, zin_academy, minmay_overflow_temple_hex,
          xom_teletrap_fun, serial_undead, serial_undead_b, serial_undead_e,
          serial_undead_e, serial_undead_a, minmay_split_cup_large, uniq_sigmund
D:3:      layout_basic, kennysheep_slug_shrine, uniq_terence
D:4:      cheibrodos_thug_alley, layout_basic, lemuel_crystal_altar
D:5:      layout_cave_pods, minmay_temple_entry_glass

Skill      XL: |  1  2  3  4  5  6  7  8 |
---------------+-------------------------+-----
Long Blades    | 3 4 5 6 |  6.7
Shields        | 4 5 |  5.2
Armour         | 4 |  4.9
Fighting       | 4 5 |  5.0
Dodging        | |  0.8

Action                   |  1- 3 |  4- 6 |  7- 9 || total
-------------------------+-------+-------+-------++-------
Melee: Long sword        |    85 |   286 |   195 ||   566
  Use: Scroll            |     3 |     3 |       ||     6
Armor: Scale mail        |    39 |    61 |       ||   100
       Chain mail        |       |    75 |    78 ||   153
Dodge: Dodged            |    31 |    65 |    70 ||   166
Block: Kite shield       |    58 |   155 |    92 ||   305
       Rpst.: Long sword |     7 |    21 |    16 ||    44
